AoeStats
← CFn-Ez

Black Forest

507929809Analyzed
4v4 RM · 12d ago on Sep 20, 2026· 56m 21s· 8 players
Game mode
Random Map
Map size
Large (8 player)
Population
200
Speed
Normal
Resources
Standard
Victory
Conquest
Starting age
Dark Age
Ending age
Imperial Age
RankedLock teamsTeams togetherTeam positionsShared explorationLock speedFull tech treeHidden civsTurbo modeCheats
Victory
Defeat
🇦🇷 Lithuanians · Argentina
1599
+11
🇨🇭 Japanese · Switzerland
1513
+15
🇫🇷 Mongols · France
1499
+15
🇦🇷 Vietnamese · Argentina
1456
+18
🇨🇳 Persians · China
1593
-18
🇨🇳 Mongols · China
1515
-16
🇭🇰 Bengalis · Hong Kong SAR China
1459
-14
🇨🇳 Turks · China
1392
-12
MiE_Windshield Viper
0:27 Loom
10:42 Feudal Age
15:23 Castle Age
13:51 Double-Bit Axe
13:56 Horse Collar
20:24 Wheelbarrow
21:31 Bow Saw
24:28 Heavy Plow
25:24 Hand Cart
29:48 Imperial Age
27:32 Gold Mining
28:03 Scale Barding Armor
28:48 Caravan
29:24 Chain Barding Armor
29:15 Forging
29:41 Bloodlines
29:32 Husbandry
30:02 Town Watch
30:10 Cavalier
31:30 Plate Barding Armor
31:57 Iron Casting
31:55 Paladin
34:29 Conscription
40:08 Pikeman
40:49 Squires
41:05 Scale Mail Armor
42:04 Halberdier
43:34 Chain Mail Armor
49:16 Tower Shields
53:06 Town Patrol
55:09 Fletching
56:16 Guilds
Zlap
11:31 Feudal Age
15:09 Castle Age
13:14 Double-Bit Axe
13:11 Horse Collar
17:08 Bow Saw
21:04 Wheelbarrow
21:46 Heavy Plow
22:29 Gold Mining
23:58 Hand Cart
25:06 Stone Mining
26:52 Loom
29:40 Imperial Age
27:23 Town Watch
27:40 Scale Mail Armor
27:51 Forging
28:03 Ballistics
28:17 Fletching
28:09 Treadmill Crane
28:49 Caravan
29:05 Chain Mail Armor
29:16 Forging
28:59 Guard Tower
28:49 Pikeman
29:29 Squires
29:15 Arson
30:57 Coinage
31:31 Two-Man Saw
31:08 Gold Shaft Mining
30:55 Conscription
30:20 Halberdier
31:32 Plate Mail Armor
31:11 Elite Skirmisher
32:56 Iron Casting
32:16 Bodkin Arrow
33:23 Chemistry
32:11 Imperial Skirmisher
32:53 Padded Archer Armor
32:49 Murder Holes
33:25 Siege Engineers
34:48 Blast Furnace
33:36 Arrowslits
34:02 Yasama
34:26 Bracer
35:08 Keep
35:30 Leather Archer Armor
35:29 Masonry
35:55 Kataparuto
37:14 Ring Archer Armor
37:45 Blast Furnace
36:42 Murder Holes
37:24 Hoardings
38:13 Coinage
41:42 Banking
49:06 Thumb Ring
49:13 Fortified Wall
48:57 Elite Samurai
50:31 Town Patrol
gjizhijian6866
1:54 Loom
13:01 Feudal Age
16:59 Castle Age
15:16 Double-Bit Axe
15:43 Horse Collar
19:03 Bow Saw
23:45 Wheelbarrow
24:07 Gold Mining
30:53 Imperial Age
29:05 Hand Cart
28:55 Stone Mining
29:09 Heavy Plow
29:35 Forging
30:02 Caravan
30:09 Scale Barding Armor
30:29 Chatras
30:49 Bloodlines
31:26 Iron Casting
31:53 Chain Barding Armor
31:46 Husbandry
32:03 Elite Battle Elephant
33:31 Plate Barding Armor
33:24 Fletching
35:44 Chemistry
35:22 Bodkin Arrow
35:53 Paper Money
36:53 Elite Skirmisher
37:42 Imperial Skirmisher
38:33 Town Watch
38:50 Bracer
38:56 Thumb Ring
39:46 Padded Archer Armor
39:47 Squires
41:43 Ballistics
41:40 Leather Archer Armor
42:51 Stone Shaft Mining
44:22 Coinage
44:24 Ring Archer Armor
44:31 Light Cavalry
47:00 Siege Engineers
46:36 Treadmill Crane
47:37 Bombard Tower
51:14 Murder Holes
54:50 Two-Man Saw
54:21 Crop Rotation
53:14 Pikeman
retaux
9:30 Feudal Age
10:34 Double-Bit Axe
13:06 Castle Age
11:31 Horse Collar
14:47 Bow Saw
14:53 Heavy Plow
20:10 Wheelbarrow
20:19 Gold Mining
21:50 Hand Cart
24:17 Town Watch
24:18 Loom
27:13 Imperial Age
25:06 Husbandry
25:50 Fletching
26:00 Padded Archer Armor
26:14 Bloodlines
26:28 Bodkin Arrow
26:55 Ballistics
27:00 Stone Mining
27:53 Gold Shaft Mining
27:52 Leather Archer Armor
28:11 Bracer
28:48 Caravan
29:35 Conscription
30:11 Stone Shaft Mining
31:17 Chemistry
30:29 Masonry
30:18 Onager
32:04 Parthian Tactics
31:45 Thumb Ring
32:47 Drill
32:16 Elite Mangudai
35:38 Siege Engineers
37:42 Capped Ram
38:54 Siege Ram
46:30 Hoardings
49:22 Siege Onager
50:25 Murder Holes
菜菜5号
10:40 Feudal Age
11:30 Double-Bit Axe
12:02 Horse Collar
14:24 Castle Age
15:18 Bow Saw
15:11 Heavy Plow
17:17 Wheelbarrow
22:56 Gold Mining
23:59 Hand Cart
23:51 Stone Mining
26:23 Loom
29:08 Imperial Age
28:08 Gold Shaft Mining
28:13 Stone Shaft Mining
28:18 Fletching
28:31 Padded Archer Armor
28:53 Ballistics
28:57 Husbandry
29:08 Bloodlines
29:03 Nomads
29:59 Bodkin Arrow
30:20 Leather Archer Armor
31:21 Chemistry
30:52 Parthian Tactics
30:32 Thumb Ring
30:52 Conscription
30:03 Elite Mangudai
31:49 Bracer
31:38 Onager
32:24 Town Watch
33:32 Coinage
33:03 Caravan
34:00 Siege Engineers
34:28 Drill
34:15 Capped Ram
34:31 Light Cavalry
36:58 Siege Onager
39:06 Hoardings
39:45 Scale Barding Armor
39:52 Forging
44:12 Siege Ram
48:40 Elite Skirmisher
54:49 Chain Barding Armor
CFn-Ez
10:24 Feudal Age
14:14 Castle Age
14:01 Double-Bit Axe
14:25 Horse Collar
17:09 Bow Saw
19:56 Wheelbarrow
19:51 Heavy Plow
21:22 Stone Mining
22:41 Hand Cart
22:58 Gold Mining
29:41 Imperial Age
27:00 Loom
28:33 Scale Barding Armor
29:47 Padded Archer Armor
29:38 Fletching
30:16 Bloodlines
30:06 Husbandry
30:47 Bombard Tower
30:48 Ballistics
30:47 Leather Archer Armor
30:57 Conscription
31:03 Elite Janissary
32:19 Artillery
33:25 Murder Holes
34:03 Ring Archer Armor
33:45 Forging
33:56 Chain Barding Armor
36:12 Heavy Camel Rider
37:30 Bodkin Arrow
43:47 Bracer
52:39 Plate Barding Armor
52:40 Caravan
Bo Zhi Shang
0:49 Loom
11:14 Feudal Age
15:13 Castle Age
14:01 Double-Bit Axe
14:36 Horse Collar
19:05 Wheelbarrow
23:47 Bow Saw
24:45 Heavy Plow
30:07 Imperial Age
27:57 Hand Cart
28:29 Stone Mining
28:32 Gold Mining
29:00 Forging
28:59 Scale Barding Armor
29:53 Gold Shaft Mining
29:58 Stone Shaft Mining
30:54 Conscription
31:12 Elite War Elephant
32:37 Chain Barding Armor
32:53 Iron Casting
34:02 Plate Barding Armor
34:59 Bloodlines
34:49 Husbandry
36:10 Crop Rotation
38:04 Blast Furnace
40:20 Caravan
47:34 Pikeman
48:14 Squires
48:00 Arson
48:00 Gambesons
48:56 Scale Mail Armor
49:54 Chain Mail Armor
49:35 Halberdier
51:39 Plate Mail Armor
54:53 Elite Skirmisher
KITCHIUYEAH
0:38 Loom
14:06 Feudal Age
17:27 Castle Age
15:40 Double-Bit Axe
16:15 Horse Collar
18:27 Bow Saw
21:52 Wheelbarrow
29:29 Imperial Age
26:56 Fletching
28:07 Bodkin Arrow
28:53 Padded Archer Armor
29:17 Ballistics
30:09 Bracer
31:10 Chemistry
30:45 Elite Elephant Archer
31:54 Bloodlines
31:45 Husbandry
32:37 Leather Archer Armor
33:43 Siege Engineers
34:08 Ring Archer Armor
33:26 Town Watch
33:57 Hand Cart
35:01 Siege Engineers
36:09 Masonry
36:56 Conscription
37:30 Paiks
37:47 Caravan
39:02 Two-Man Saw
39:40 Architecture
39:58 Heavy Plow
41:16 Mahayana
41:48 Gold Mining
41:48 Stone Mining
42:01 Elite Skirmisher
44:00 Coinage
43:40 Guilds
45:31 Banking
50:46 Fortified Wall
52:28 Sanctity
56:11 Scale Barding Armor
56:18 Forging
55:33 Elite Battle Elephant
Connection lost

Rejoining the realm…

Still unreachable

The connection could not be restored.

Session expired

The server has moved on; the page needs a fresh start.